 Dungeon Crawl Stone Soup version 0.26.1-11-gd32895ea62 (webtiles) character file.

Game seed: 8698028662315335423

629 Almogavar the Conjurer (level 7, -4/51 HPs)
             Began as a White Draconian Conjurer on May 18, 2021.
             Slain by Duvessa
             ... wielding a +2 short sword of venom
              (14 damage)
             ... on level 5 of the Dungeon.
             The game lasted 00:22:17 (6972 turns).

Almogavar the Conjurer (White Draconian Conjurer)   Turns: 6972, Time: 00:22:17

Health: -4/51      AC:  7    Str:  9    XL:     7   Next: 23%
Magic:  17/22      EV: 12    Int: 21    God:
Gold:   362        SH:  0    Dex:  9    Spells: 9/15 levels left

rFire    . . .     SeeInvis .   u - +3 flail (protect)
rCold    + . .     Faith    .   (no shield)
rNeg     . . .     Spirit   .   (armour unavailable)
rPois    .         Reflect  .   (helmet restricted)
rElec    .         Harm     +   r - scarf {harm}
rCorr    .         Rampage  .   l - +0 pair of gloves
Will     .....                  (no boots)
Stlth    ++........             (no amulet)
HPRegen  0.17/turn              n - ring of magical power
MPRegen  0.18/turn              (no ring)

@: no status effects
A: breathe frost, unfitting armour, cold resistance 1, cold-blooded, AC +6
a: Breathe Frost


You were on level 5 of the Dungeon.
You visited 2 branches of the dungeon, and saw 6 of its levels.

You collected 362 gold pieces.

Inventory:

Hand Weapons
 c - a +1 falchion of holy wrath
 p - the +8 storm bow {elec, penet}
   (You took it off an orc on level 5 of the Dungeon)

   It charges the ammunition it shoots with electricity; occasionally upon a
   hit, such missiles may discharge and cause terrible harm.
   Ammo fired by it passes through the targets it hits, potentially hitting all
   targets in its path until it reaches maximum range.
 u - a +3 flail of protection (weapon)
Missiles
 t - 31 arrows
Armour
 l - a +0 pair of gloves (worn)
 r - a scarf of harm (worn)
Jewellery
 n - a ring of magical power (left hand)
Wands
 f - a wand of iceblast (8)
 k - a wand of random effects (13)
Scrolls
 a - a scroll of noise {unknown}
 b - 5 scrolls of teleportation
 e - a scroll of remove curse
 g - a scroll of enchant weapon {unknown}
 h - 2 scrolls of enchant armour {unknown}
 i - 2 scrolls of amnesia
 o - 2 scrolls of blinking {unknown}
Potions
 d - 2 potions of curing
 j - 2 potions of might {unknown}
 m - a potion of cancellation {unknown}
 q - a potion of attraction {unknown}
 s - 2 potions of heal wounds {unknown}


   Skills:
 + Level 0.6 Fighting
 + Level 2.4 Dodging
 + Level 3.3 Stealth
 + Level 4.5 Spellcasting
 + Level 6.6 Conjurations


You had 9 spell levels left.
You knew the following spells:

 Your Spells              Type           Power        Failure   Level
a - Magic Dart            Conj           100%         1%          1
b - Searing Ray           Conj           64%          1%          2
c - Dazzling Flash        Conj/Hex       36%          9%          3

Your spell library contained the following spells:

 Spells                   Type           Power        Failure   Level
 Sting                    Tmut/Pois      16%          12%         1
 Mephitic Cloud           Conj/Pois/Air  14%          14%         3
 Poisonous Vapours        Pois/Air       8%           17%         2
 Fulminant Prism          Conj/Hex       9%           28%         4
 Iskenderun's Mystic Bla  Conj/Tloc      18%          28%         4
 Ignite Poison            Fire/Tmut/Pois 4%           34%         3
 Olgreb's Toxic Radiance  Pois           4%           75%         4


Dungeon Overview and Level Annotations

Branches:
Dungeon (5/15)             Temple (1/1) D:4

Altars:
Ashenzari
Cheibriados
Dithmenos
Elyvilon
Gozag
Makhleb
Nemelex Xobeh
Okawaru
Qazlal
Ru
Trog
Uskayaw
Vehumet
Wu Jian
Xom
Yredelemnul
Zin
The Shining One

Annotations:
D:4 Edmund
D:5 Duvessa


Innate Abilities, Weirdness & Mutations

You can breathe waves of freezing cold.
You can buffet flying creatures when you breathe cold.
Your icy white scales are hard. (AC +6)
You cannot fit into any form of body armour.
Your flesh is cold resistant. (rC+)
You are cold-blooded and may be slowed by cold attacks.


Message History

(Press . to maintain the ray.)
The searing ray hits Duvessa!
Duvessa is heavily wounded.
The searing ray misses Duvessa.
Duvessa hits you with a +2 short sword of venom!
You are poisoned.
The searing ray hits Duvessa.
Duvessa is heavily wounded.
You finish channeling your searing ray.
You feel sick.
Duvessa hits you with a +2 short sword of venom!
You are more poisoned.
Duvessa hits you with a +2 short sword of venom!
* * * LOW HITPOINT WARNING * * *
It was a potion of curing.
You feel better.
Duvessa hits you with a +2 short sword of venom!
* * * LOW HITPOINT WARNING * * *
You are lethally poisoned!
You feel better.
Duvessa hits you with a +2 short sword of venom!
You die...

###############
#.............###
#.########......# #.#
#.##.#.# #.# #.##.#.#
#.#
####.##.#.############
#.#
#....@e...............
#.#
#.##.##>###.#########.
#.# #.##.##.# #.# #.
#.# #.##.##.# #.#
#######. #.# #.#..##.#
#.# #.......
#.#####.#.###.#
#)###.#####.
#.............#
#.).........
#######.#.#####
#####.#####. #.#.# #.#
#.


You could see Duvessa (berserk).

Vanquished Creatures
  An ogre (D:5)
  Dowan (D:5)
  A howler monkey (D:4)
  A hound (D:4)
  2 orc priests (D:4)
  An iguana (D:4)
  An orc wizard (D:2)
  A worker ant (D:5)
  A hound zombie (D:5)
  Robin (D:4)
  10 adders
  A white imp (D:5)
  3 oozes
  4 worms
  5 dart slugs
  4 leopard geckos
  16 orcs
  2 ball pythons
  2 giant cockroaches
  16 hobgoblins
  4 jackals (D:1)
  7 kobolds
  2 quokkas
  11 bats
  5 frilled lizards
  22 goblins
  6 rats
131 creatures vanquished.

Vanquished Creatures (others)
  3 plants (D:4)
3 creatures vanquished.

Grand Total: 134 creatures vanquished

Notes
Turn   | Place    | Note
-------+----------+-------------------------------------------
     0 | D:1      | Almogavar the Draconian Conjurer began the quest for the
                  | Orb.
     0 | D:1      | Reached XP level 1. HP: 14/14 MP: 3/3
   418 | D:1      | Reached XP level 2. HP: 20/20 MP: 1/5
   581 | D:1      | Learned a level 2 spell: Searing Ray
   829 | D:1      | Reached XP level 3. HP: 26/26 MP: 2/6
  1460 | D:2      | Reached skill level 5 in Conjurations
  1692 | D:2      | Reached XP level 4. HP: 33/33 MP: 4/7
  1737 | D:2      | Found a burning altar of Makhleb.
  2248 | D:2      | Found a broken altar of Ashenzari.
  2248 | D:2      | Found a basalt altar of Yredelemnul.
  2248 | D:2      | Found an opulent altar of Gozag.
  2248 | D:2      | Found an ornate altar of the Wu Jian Council.
  2255 | D:2      | Found a burning altar of Makhleb.
  2255 | D:2      | Found a shadowy altar of Dithmenos.
  2962 | D:3      | Reached XP level 5. HP: 36/38 MP: 5/9
  3180 | D:3      | Found a shimmering altar of Xom.
  4477 | D:4      | Found a staircase to the Ecumenical Temple.
  4486 | Temple   | Entered the Ecumenical Temple
  4804 | D:4      | Noticed Robin
  4806 | D:4      | Killed Robin
  4807 | D:4      | Reached XP level 6. HP: 45/46 MP: 7/11
  5228 | D:4      | Noticed Edmund
  5597 | D:4      | Found a sparkling altar of Nemelex Xobeh.
  5640 | D:4      | Reached skill level 6 in Conjurations
  6038 | D:5      | Entered Level 5 of the Dungeon
  6089 | D:5      | Your scales start taking on an icy white colour.
  6089 | D:5      | Reached XP level 7. HP: 51/51 MP: 13/13
  6089 | D:5      | Gained mutation: Your flesh is cold resistant. (rC+) [White
                  | Draconian growth]
  6175 | D:5      | Learned a level 3 spell: Dazzling Flash
  6485 | D:5      | Found a white marble altar of Elyvilon.
  6817 | D:5      | Found a stormy altar of Qazlal.
  6818 | D:5      | Noticed a fire elemental
  6818 | D:5      | Noticed an air elemental
  6818 | D:5      | Noticed a water elemental
  6874 | D:5      | Noticed Dowan
  6874 | D:5      | Noticed Duvessa
  6881 | D:5      | Killed Dowan
  6972 | D:5      | Slain by Duvessa

Illustrated notes

Levels and vault maps discovered:
D:1:      eino_arrival_cavern_b, layout_rooms, minmay_pentomino_r4
D:2:      layout_loops_cross, minmay_overflow_temple_hex, kennysheep_flooded_box
D:3:      layout_rooms, xom_butterflies, kennysheep_generic_room_14
D:4:      layout_loops_ring, nemelex_xobeh_ov_fountains_minmay,
          minmay_temple_entry_gardened_gates, uniq_edmund, uniq_robin
D:5:      layout_loops_ring, elyvilon_altar_1, nicolae_qazlal_style_of_elements,
          uniq_duvessa
Temple:   nicolae_temple_figure_zero

Skill      XL: |  1  2  3  4  5  6 |
---------------+-------------------+-----
Stealth        | 2 3 |  3.3
Dodging        | 2 |  2.4
Conjurations   | 5 6 |  6.6
Spellcasting   | 3 4 |  4.5
Fighting       | |  0.6

Action                   |  1- 3 |  4- 6 |  7- 9 || total
-------------------------+-------+-------+-------++-------
Melee: Unarmed           |     1 |       |       ||     1
       Dagger            |       |     5 |       ||     5
       Tailslap          |       |     1 |       ||     1
 Cast: Magic Dart        |    63 |    91 |    17 ||   171
       Searing Ray       |     4 |    37 |     6 ||    47
  Use: Scroll            |     1 |     6 |       ||     7
       Potion            |       |       |     2 ||     2
Armor: Skin              |     9 |     8 |       ||    17
Dodge: Dodged            |     7 |    18 |       ||    25
       Rpst.: Falchion   |       |     1 |       ||     1
